 Dungeon Crawl Stone Soup version 0.30-a0-989-g0d87f670db (webtiles) character file.

Game seed: 9716083887817181392

99 jtron the Trooper (level 4, -1/49 HPs)
             Began as an Ogre Monk on Apr 3, 2023.
             Killed from afar by an orc wizard (7 damage)
             ... with a puff of flame
             ... on level 2 of the Dungeon.
             The game lasted 00:02:59 (886 turns).

jtron the Trooper (Ogre Monk)                        Turns: 886, Time: 00:03:01

Health: -1/49      AC:  3    Str: 15    XL:     4   Next: 72%
Magic:  4/6        EV: 10    Int: 13    God:
Gold:   35         SH:  0    Dex: 11    Spells: 4/6 levels left

rFire   . . .      SeeInvis .    a - +0 spear
rCold   . . .      Faith    .    (no shield)
rNeg    . . .      Spirit   .    k - +0 robe
rPois   .          Reflect  .    (helmet restricted)
rElec   .          Rampage  .    (no cloak)
rCorr   .                        (gloves unavailable)
Will    .....                    (boots unavailable)
Stlth   ++                       (no amulet)
HPRegen 0.28/turn                (no ring)
MPRegen 0.10/turn                (no ring)

@: flying (expiring)
A: large, unfitting armour, tough skin 1
a: no special abilities


You were on level 2 of the Dungeon.
You visited 1 branch of the dungeon, and saw 2 of its levels.

You collected 35 gold pieces.

Inventory:

Hand Weapons
 a - a +0 spear (weapon)
Missiles
 i - 5 stones (quivered)
Armour
 k - a +0 robe (worn)
Scrolls
 d - 2 scrolls of magic mapping {unknown}
 e - a scroll of enchant weapon {unknown}
 f - 2 scrolls of teleportation {unknown}
 g - a scroll of identify {unknown}
 h - 2 scrolls of fog {unknown}


   Skills:
 + Level 4.4 Fighting
 + Level 3.8 Polearms
 + Level 3.2 Dodging
 + Level 1.6 Stealth
 * Level 1.5 Spellcasting
 * Level 1.1 Translocations


You had 4 spell levels left.
You knew the following spells:

 Your Spells              Type           Power      Damage    Failure   Level
a - Blink                 Tloc           8%         N/A       26%         2

Your spell library contained the following spells:

 Spells                   Type           Power      Damage    Failure   Level
 Lesser Beckoning         Tloc           8%         N/A       26%         2
 Gell's Gravitas          Tloc           4%         N/A       45%         3
 Teleport Other           Tloc           4%         N/A       45%         3
 Manifold Assault         Tloc           4%         N/A       86%         4
 Storm Form               Tmut/Air       0%         N/A       100%        7


Dungeon Overview and Level Annotations

Branches:
Dungeon (2/15)

Altars:


Innate Abilities, Weirdness & Mutations

You are too large for most types of armour.
You have tough skin. (AC +1)


Message History

You are starting to lose your buoyancy.
The kobold throws a stone.
The stone barely misses you. Something completely misses you.
You miss something. Something hits you.
* * * LOW HITPOINT WARNING * * *
The kobold throws a stone.
The stone barely misses you.
You aren't carrying any potions.
Casting: Blink (dangerous; 26% risk of failure)
Confirm with . or Enter, or press ? or * to list all spells.
You blink.
You closely miss the hobgoblin. The hobgoblin hits you.
* * * LOW HITPOINT WARNING * * *
The orc closely misses you.
You hit the hobgoblin.
The hobgoblin is heavily wounded.
The hobgoblin hits you.
* * * LOW HITPOINT WARNING * * *
A kobold comes into view. It is wielding a +0 short sword.
The orc hits you but does no damage.
Casting: Blink (dangerous; 26% risk of failure)
Confirm with . or Enter, or press ? or * to list all spells.
You are still too unstable to blink.
The hobgoblin hits you.
* * * LOW HITPOINT WARNING * * *
The kobold barely misses you.
You closely miss something. The hobgoblin barely misses you.
Something hits you but does no damage. The kobold hits you but does no damage.
The orc hits you with a +0 whip.
* * * LOW HITPOINT WARNING * * *
You barely miss something. The hobgoblin closely misses you.
The kobold misses you. The orc closely misses you. Something hits you.
* * * LOW HITPOINT WARNING * * *
You barely miss something.
You feel stable enough to blink again. The hobgoblin barely misses you.
The orc barely misses you. The kobold hits you but does no damage.
You hear some strange, mumbled words.
A puff of flame appears from out of thin air!
The puff of flame hits you!
You die...

#...# ##.....#. #...#
##........ #...# #.........
#...# #........... ###...#
#........... #####.....#
#........... ..........#
#........... ...)......#
#.og........ ..........#
##@K.>....K. .......<..##
##{....#.
...........#######..########
....................)).....#
..........########.#######....
#####.......# #..# .
#.......## ##.##
#........##... ##
#...........#....


You could see an orc, a hobgoblin and a kobold.

Vanquished Creatures
  An orc priest (D:2)
  Jessica (D:2)
  A worm (D:2)
  An orc (D:2)
  2 endoplasms
  A giant cockroach (D:1)
  6 goblins (D:1)
  A hobgoblin (D:2)
  4 jackals (D:1)
  6 kobolds
  5 quokkas
  2 ball pythons (D:1)
  3 bats (D:1)
  A rat (D:1)
35 creatures vanquished.

Notes
Turn   | Place    | Note
-------+----------+-------------------------------------------
     0 | D:1      | jtron the Ogre Monk began the quest for the Orb.
     0 | D:1      | Reached XP level 1. HP: 24/24 MP: 1/1
    72 | D:1      | Reached XP level 2. HP: 32/32 MP: 2/2
   292 | D:1      | Reached XP level 3. HP: 39/39 MP: 3/3
   474 | D:1      | Reached skill level 1 in Spellcasting
   535 | D:1      | Found a faded altar of an unknown god.
   761 | D:2      | Noticed Jessica
   767 | D:2      | Killed Jessica
   768 | D:2      | Reached XP level 4. HP: 48/48 MP: 5/5
   805 | D:2      | Learned a level 2 spell: Blink
   866 | D:2      | Reached skill level 1 in Translocations
   886 | D:2      | Killed from afar by an orc wizard

Illustrated notes

Levels and vault maps discovered:
D:1:      roderic_dead_forest, layout_rooms,
          shapermc_ecumenical_altar_mp_vishouse
D:2:      layout_rooms, st_stairs_3, minmay_tetromino_t4, uniq_jessica

Skill      XL: |  1  2  3  4 |
---------------+-------------+-----
Dodging        | 3 |  3.2
Spellcasting   | 1 |  1.5
Translocations | 1 |  1.1
Fighting       | |  4.4
Polearms       | |  3.8
Stealth        | |  1.6

Action                     |  1- 3 |  4- 6 || total
---------------------------+-------+-------++-------
  Melee: Spear             |   102 |    39 ||   141
         Punch             |       |     1 ||     1
  Throw: Stone             |     6 |       ||     6
   Cast: Blink             |       |     1 ||     1
    Use: Potion            |       |     2 ||     2
   Stab: Sleeping          |     3 |       ||     3
 Armour: Robe              |    16 |    11 ||    27
  Dodge: Dodged            |    35 |    22 ||    57

Table legend: (Time is in decaauts)
 A = Elapsed time spent in this place.
 B = Non-inter-level travel time spent in this place.
 C = Inter-level travel time spent in this place.
 D = Time resting spent in this place.
 E = Time spent auto-exploring this place.
 F = Levels seen in this place.
 G = Mean time per level.
                   A        B        C        D        E       F      G
               +--------+--------+--------+--------+--------+-----+--------+
         Total |    876 |    862 |     14 |     10 |    563 |   2 |  438.0 |
       Dungeon |    876 |    862 |     14 |     10 |    563 |   2 |  438.0 |
               +--------+--------+--------+--------+--------+-----+--------+

Top non-repeatable levels by time:
     D:1: 661 daAuts
     D:2: 215 daAuts
